 Dungeon Crawl Stone Soup version 0.31-a0-431-g88bdf31460 (webtiles) character file.

Game seed: 15984221038486401917

85 garrulousMonolith the Trooper (level 4, 0/29 HPs)
             Began as a Gargoyle Fighter on July 31, 2023.
             Slain by a gnoll
             ... wielding a +0 halberd
              (8 damage)
             ... on level 3 of the Dungeon.
             The game lasted 00:01:38 (1282 turns).

garrulousMonolith the Trooper (Gargoyle Fighter)    Turns: 1282, Time: 00:01:38

Health: 0/29       AC: 15    Str: 20    XL:     4   Next: 48%
Magic:  4/4        EV:  5    Int:  8    God:
Gold:   177        SH:  4    Dex: 11    Spells: 3/3 levels left

rFire   . . .        a - +0 flail
rCold   . . .        c - +0 buckler
rNeg    + . .        m - +0 plate armour
rPois   ∞            (no helmet)
rElec   +            (no cloak)
rCorr   .            (no gloves)
SInv    .            (no boots)
Will    .....        h - amulet of regeneration Stlth
                     (no ring)
HPRegen 1.04/turn    (no ring)
MPRegen 0.09/turn

%: no passive effects
@: mighty
A: sickness immunity, AC +3, negative energy resistance 1, electricity
resistance, torment resistance 1, petrification resistance
a: no special abilities


You were on level 3 of the Dungeon.
You visited 1 branch of the dungeon, and saw 3 of its levels.

You collected 177 gold pieces.

Inventory:

Hand Weapons
 a - a +0 flail (weapon)
 f - a +1 whip of freezing
Armour
 b - a +0 scale mail
 c - a +0 buckler (worn)
 m - a +0 plate armour (worn)
Jewellery
 h - an amulet of regeneration (around neck)
Scrolls
 e - a scroll of enchant weapon {unknown}
 i - a scroll of amnesia
 k - a scroll of blinking {unknown}
 l - a scroll of poison {unknown}
Potions
 j - a potion of resistance {unknown}


   Skills:
 + Level 3.8 Fighting
 * Level 3.1 Maces & Flails
 + Level 3.7 Armour
 + Level 0.9 Dodging
 + Level 3.7 Shields


You had 3 spell levels left.
You didn't know any spells.
Your spell library contained the following spells:

 Spells                   Type           Power      Damage    Failure   Level
 Summon Small Mammal      Summ           0%         N/A       100%        1
 Call Canine Familiar     Summ           0%         N/A       100%        3
 Inner Flame              Hex/Fire       0%         N/A       100%        3
 Summon Guardian Golem    Hex/Summ       0%         N/A       100%        3
 Yara's Violent Unravell  Hex/Tmut       0%         3d3       100%        5
 Enfeeble                 Hex            0%         N/A       100%        7


Dungeon Overview and Level Annotations

Branches:
Dungeon (3/15)

Altars:


Innate Abilities, Weirdness & Mutations

You are immune to sickness and miasma.
Your stone body is resilient. (AC +3)
You are immune to poison.
You resist negative energy. (rN+)
You are resistant to electric shocks. (rElec)
You are resistant to unholy torment.
You are immune to petrification.


Message History

The gnoll hits you with a +0 club.
* * * LOW HITPOINT WARNING * * *
The gnoll hits you but does no damage. x2
You are confused.
You feel invigorated. The gnoll hits you with a +0 halberd.
* * * LOW HITPOINT WARNING * * *
The gnoll hits you but does no damage. The gnoll barely misses you.
The gnoll hits you from afar with a +0 halberd.
* * * LOW HITPOINT WARNING * * *
You hit the gnoll.
The gnoll is almost dead.
The gnoll hits you but does no damage. x3; The gnoll barely misses you.
You bump into the stone wall.
A kobold comes into view.
It is wielding a +1 dagger of holy wrath.
The gnoll barely misses you.
The gnoll hits you but does no damage. x2
The gnoll hits you from afar with a +0 halberd.
You closely miss the gnoll.
The gnoll is almost dead.
You feel less invigorated.
You feel less confused.
The kobold shouts!
The gnoll hits you but does no damage. x2; The gnoll hits you with a +0 club.
The gnoll hits you but does no damage.
You hit the gnoll.
You kill the gnoll!
You block the gnoll's attack. x3; The gnoll barely misses you.
The hobgoblin hits you but does no damage.
The gnoll hits you from afar with a +0 halberd!
* * * LOW HITPOINT WARNING * * *
The gnoll hits you but does no damage.
You barely miss the gnoll. The hobgoblin barely misses you.
The gnoll hits you but does no damage. The gnoll barely misses you.
The gnoll hits you from afar with a +0 halberd.
* * * LOW HITPOINT WARNING * * *
You sock the gnoll!
You kill the gnoll!
The hobgoblin barely misses you. The gnoll hits you with a +0 whip.
* * * LOW HITPOINT WARNING * * *
The gnoll hits you from afar with a +0 halberd!
You die...

....♣....#....♣....#...
#.#...#.....#...#.....#
........♣†♣.......♣.♣.##
##.♣.♣.......♣.♣.......#
#.....#...#.....#...#.#
##.#....♣....#?.).♣...#
.#.....#...#.....#...#..
...♣.♣.......♣.♣.......#
#.......♣.♣....)@g♣.♣..#
#.#...#.....#..)#g......
#...♣....#....♣g...#....
###...#.....#...#....##.
###...♣.♣.......♣.##
###......<.......
##...#.####..##. ###.#.#
.. .# #.#.#


You could see 2 gnolls and a hobgoblin.

Vanquished Creatures
  2 gnolls (D:3)
  3 adders (D:2)
  A dart slug (D:1)
  5 bats
  5 endoplasms
  3 giant cockroaches
  6 hobgoblins
  2 quokkas
  6 ball pythons
  3 frilled lizards
  3 goblins
  4 kobolds
  4 rats
47 creatures vanquished.

Notes
Turn   | Place    | Note
-------+----------+-------------------------------------------
     0 | D:1      | garrulousMonolith the Gargoyle Fighter began the quest for
                  | the Orb.
     0 | D:1      | Reached XP level 1. HP: 14/14 MP: 1/1
    87 | D:1      | Reached XP level 2. HP: 19/19 MP: 2/2
   301 | D:1      | Found a faded altar of an unknown god.
   499 | D:2      | Reached XP level 3. HP: 22/23 MP: 3/3
   597 | D:2      | Identified the +0 ring mail "Iwewysur" {-Tele Harm Dex+3}
   927 | D:2      | Reached XP level 4. HP: 29/29 MP: 4/4
  1282 | D:3      | Slain by a gnoll

Illustrated notes

Levels and vault maps discovered:
D:1:      nicolae_arrival_washed_ashore, layout_rooms,
          shapermc_ecumenical_altar_acropolis
D:2:      layout_loops_ring
D:3:      layout_loops_ring, okawaru_metal_pillars_1_2,
          hangedman_decor_opposing, minivault_4, minmay_tree_intersection,
          nicolae_kite_square_tiling_tiny, chequers_serial_rivers_small_a,
          grunt_decor_fettered, nicolae_shop_vocational

Skill      XL: |  1  2  3 |
---------------+----------+-----
Maces & Flails | 3 |  3.1
Fighting       | |  3.8
Armour         | |  3.7
Dodging        | |  0.9
Shields        | |  3.7

Action                     |  1- 3 |  4- 6 || total
---------------------------+-------+-------++-------
  Melee: Flail             |    94 |    36 ||   130
    Use: Scroll            |     1 |     2 ||     3
         Potion            |       |     2 ||     2
 Armour: Scale mail        |    52 |     9 ||    61
         Plate armour      |       |    31 ||    31
  Dodge: Dodged            |    51 |    16 ||    67
  Block: Buckler           |    22 |    10 ||    32

Table legend: (Time is in decaauts)
 A = Elapsed time spent in this place.
 B = Non-inter-level travel time spent in this place.
 C = Inter-level travel time spent in this place.
 D = Time resting spent in this place.
 E = Time spent auto-exploring this place.
 F = Levels seen in this place.
 G = Mean time per level.
                   A        B        C        D        E       F      G
               +--------+--------+--------+--------+--------+-----+--------+
         Total |   1319 |   1262 |     57 |     14 |    924 |   3 |  439.7 |
       Dungeon |   1319 |   1262 |     57 |     14 |    924 |   3 |  439.7 |
               +--------+--------+--------+--------+--------+-----+--------+

Top non-repeatable levels by time:
     D:2: 728 daAuts
     D:1: 500 daAuts
     D:3: 90 daAuts
